 Dungeon Crawl Stone Soup version 0.28-a0-836-g2d8be16 (webtiles) character file.

Game seed: 4935761214779901292

186 Sixotanaka the Chiller (level 5, 0/35 HPs)
             Began as a Merfolk Ice Elementalist on Nov 11, 2021.
             Slain by an ice beast (4 damage)
             ... on level 4 of the Dungeon.
             The game lasted 00:07:01 (3458 turns).

Sixotanaka the Chiller (Merfolk Ice Elementalist)   Turns: 3458, Time: 00:07:01

Health: 0/35       AC:  5    Str:  9    XL:     5   Next: 66%
Magic:  8/8        EV: 13    Int: 15    God:
Gold:   221        SH:  0    Dex: 20    Spells: 0/8 levels left

rFire   . . .      SeeInvis .   n - +0 short sword (venom)
rCold   + . .      Faith    .   (no shield)
rNeg    . . .      Spirit   .   a - +0 robe
rPois   .          Reflect  .   e - +0 helmet
rElec   .          Harm     .   i - +1 cloak
rCorr   .          Rampage  .   (no gloves)
Will    .....                   (no boots)
Stlth   ++........              p - amulet of magic regeneration
HPRegen 0.11/turn               l - +6 ring of dexterity
MPRegen 0.36/turn               t - ring of protection from cold

@: no status effects
A: (nimble swimmer 2), mertail
a: no special abilities


You were on level 4 of the Dungeon.
You visited 1 branch of the dungeon, and saw 5 of its levels.

You collected 221 gold pieces.

Inventory:

Hand Weapons
 n - a +0 short sword of venom (weapon)
Armour
 a - a +0 robe (worn)
 d - a +0 leather armour
 e - a +0 helmet (worn)
 i - a +1 cloak (worn)
Jewellery
 c - a ring of fire
 l - a +6 ring of dexterity (left hand)
 p - an amulet of magic regeneration (around neck)
 t - a ring of protection from cold (right hand)
Wands
 r - a wand of paralysis (5)
Scrolls
 b - a scroll of enchant weapon {unknown}
 f - a scroll of teleportation {unknown}
 j - a scroll of vulnerability {unknown}
 k - 3 scrolls of enchant armour
 o - a scroll of amnesia {unknown}
 q - a scroll of acquirement {unknown}
 s - a scroll of immolation {unknown}
Potions
 g - 2 potions of brilliance
 h - a potion of lignification


   Skills:
 - Level 2.6 Dodging
 - Level 2.1 Stealth
 - Level 2.0 Spellcasting
 + Level 0.4 Conjurations
 + Level 7.3 Ice Magic


You couldn't memorise any spells.
You knew the following spells:

 Your Spells              Type           Power      Damage    Failure   Level
a - Freeze                Ice            92%        1d10      1%          1
b - Frozen Ramparts       Ice            46%        1d6       3%          3
c - Ozocubu's Armour      Ice            23%        N/A       3%          3
d - Magic Dart            Conj           8%         1d3       19%         1

Your spell library contained the following spells:

 Spells                   Type           Power      Damage    Failure   Level
 Call Imp                 Summ           1%         N/A       32%         2
 Hailstorm                Conj/Ice       13%        3d5       41%         4
 Dazzling Flash           Conj/Hex       4%         N/A       52%         3
 Gell's Gravitas          Tloc           1%         N/A       54%         3
 Lesser Beckoning         Tloc           1%         N/A       54%         3
 Mephitic Cloud           Conj/Pois/Air  1%         N/A       54%         3
 Portal Projectile        Hex/Tloc       2%         N/A       54%         3
 Teleport Other           Tloc           1%         N/A       54%         3
 Agony                    Necr           1%         N/A       99%         5
 Blade Hands              Tmut           0%         N/A       99%         5
 Excruciating Wounds      Necr           0%         N/A       99%         5
 Silence                  Hex/Air        0%         N/A       99%         5
 Summon Forest            Summ/Tloc      0%         N/A       99%         5
 Summon Mana Viper        Hex/Summ       1%         N/A       99%         5
 Summon Cactus Giant      Summ           0%         N/A       100%        6


Dungeon Overview and Level Annotations

Branches:
Dungeon (5/15)
 Temple: D:4-7

Altars:
Wu Jian
Yredelemnul


Innate Abilities, Weirdness & Mutations

((You are quick and stealthy near water. (Stealth+, EV+, Speed+++)))
Your lower body shifts to a powerful aquatic tail in water.


Message History

You freeze the gnoll.
The gnoll is heavily wounded.
The ice beast hits you.
* * * LOW HITPOINT WARNING * * *
The ice beast freezes you. You resist.
* * * LOW HITPOINT WARNING * * *
The gnoll misses you.
Okay, then.
You feel better. The ice beast hits you. The ice beast freezes you. You resist.
* * * LOW HITPOINT WARNING * * *
The gnoll barely misses you.
Okay, then.
Casting: Freeze (safe; 1% risk of failure)
Confirm with . or Enter, or press ? or * to list all spells.
Aiming: Freeze (safe; 1% risk of failure)
Press: ? - help, Shift-Dir - straight line, f/p - gnoll
Aim: a gnoll, wielding a +0 flail (heavily wounded)
You freeze the gnoll!
The gnoll is almost dead.
The ice beast closely misses you. The gnoll closely misses you.
Casting: Freeze (safe; 1% risk of failure)
Confirm with . or Enter, or press ? or * to list all spells.
Aiming: Freeze (safe; 1% risk of failure)
Press: ? - help, Shift-Dir - straight line, f/p - gnoll
Aim: a gnoll, wielding a +0 flail (almost dead)
You freeze the gnoll.
You kill the gnoll!
The ice beast hits you but does no damage.
The ice beast hits you.
* * * LOW HITPOINT WARNING * * *
The ice beast freezes you. You resist.
* * * LOW HITPOINT WARNING * * *
Things that are here:
a +0 flail; a +0 flail; a gnoll corpse Unknown command.
The ice beast misses you.
There is a large open door here.
There is a large open door here.
The ice beast hits you.
You die...

................................#
............#.........#.........#
............###...........#+#'#..
........+#+####...........#.#.#..
........+#..................#+#..
.##.....##.........#...#..#......
.##......#.........#...+..+......
.##......#.............##.#......
.........#......@................
.........#.......Y..####.........
.........#......W..>.###.........
.........#..).....g........(.....
#...........####.................
#...........# #..........[......
###.........# #........##.......
............####................#
..............................#..


You could see a phantom, an ice beast and a gnoll.

Vanquished Creatures
  A hound (D:4)
  2 iguanas (D:4)
  An orc wizard (D:2)
  3 gnolls
  An adder (D:2)
  A worm (D:3)
  5 orcs
  3 endoplasms
  2 hobgoblins
  A quokka (D:2)
  3 ball pythons
  4 bats
  3 frilled lizards
  A goblin (D:3)
  6 kobolds
  4 rats
41 creatures vanquished.

Notes
Turn   | Place    | Note
-------+----------+-------------------------------------------
     0 | D:1      | Sixotanaka the Merfolk Ice Elementalist began the quest for
                  | the Orb.
     0 | D:1      | Reached XP level 1. HP: 13/13 MP: 3/3
   411 | D:1      | Reached XP level 2. HP: 18/19 MP: 0/5
   479 | D:1      | Reached skill level 5 in Ice Magic
   944 | D:2      | Reached XP level 3. HP: 24/24 MP: 3/6
  1563 | D:3      | Found a basalt altar of Yredelemnul.
  1582 | D:2      | Reached skill level 6 in Ice Magic
  1582 | D:2      | Reached XP level 4. HP: 18/30 MP: 3/7
  1791 | D:3      | Found an ornate altar of the Wu Jian Council.
  1844 | D:3      | Learned a level 3 spell: Frozen Ramparts
  1848 | D:3      | Learned a level 3 spell: Ozocubu's Armour
  2663 | D:4      | Noticed a phantom
  2788 | D:4      | Reached XP level 5. HP: 19/35 MP: 5/8
  2968 | D:4      | Reached skill level 7 in Ice Magic
  3196 | D:5      | Entered Level 5 of the Dungeon
  3200 | D:5      | Noticed an ice beast
  3208 | D:4      | Learned a level 1 spell: Magic Dart
  3428 | D:4      | HP: 1/35 [ice beast (5)]
  3458 | D:4      | Slain by an ice beast

Illustrated notes

Levels and vault maps discovered:
D:1:      minmay_arrival_four_circles, layout_basic
D:2:      layout_basic
D:3:      layout_basic, mainiacjoe_overflow_large_starburst, serial_glass,
          glass_columns_a, glass_columns_c
D:4:      layout_basic
D:5:      layout_rooms, slow_altar_1, nicolae_dithmenos_through_a_glass_darkly,
          minmay_misc_feat_secret_circle, uniq_prince_ribbit1, uniq_edmund,
          uniq_menkaure, uniq_ijyb

Skill      XL: |  1  2  3  4  5 |
---------------+----------------+-----
Ice Magic      | 5 6 7 |  7.3
Dodging        | |  2.6
Stealth        | |  2.1
Spellcasting   | |  2.0
Conjurations   | |  0.4

Action                   |  1- 3 |  4- 6 || total
-------------------------+-------+-------++-------
Melee: Whip              |     1 |       ||     1
       Short sword       |     7 |     5 ||    12
 Cast: Freeze            |    32 |    32 ||    64
  Use: Scroll            |       |     4 ||     4
       Potion            |       |     1 ||     1
 Stab: Sleeping          |     5 |       ||     5
Armor: Robe              |     8 |     5 ||    13
Dodge: Dodged            |    13 |    26 ||    39

Table legend: (Time is in decaauts)
 A = Elapsed time spent in this place.
 B = Non-inter-level travel time spent in this place.
 C = Inter-level travel time spent in this place.
 D = Time resting spent in this place.
 E = Time spent auto-exploring this place.
 F = Levels seen in this place.
 G = Mean time per level.
                   A        B        C        D        E       F      G
               +--------+--------+--------+--------+--------+-----+--------+
         Total |   3460 |   3301 |    159 |    550 |   1849 |   5 |  692.0 |
       Dungeon |   3460 |   3301 |    159 |    550 |   1849 |   5 |  692.0 |
               +--------+--------+--------+--------+--------+-----+--------+

Top non-repeatable levels by time:
     D:4: 1108 daAuts
     D:2: 985 daAuts
     D:1: 732 daAuts
     D:3: 619 daAuts
     D:5: 14 daAuts
